 Dungeon Crawl Stone Soup version 0.28.0-45-g0d030f2227 (webtiles) character file.

Game seed: 16889210526234497166

175 Ablot the Grasshopper (level 5, -9/43 HPs)
             Began as a Gnoll Warper on Apr 10, 2022.
             Mangled by an ogre
             ... wielding a +0 giant club
              (25 damage)
             ... on level 3 of the Dungeon.
             The game lasted 00:02:48 (2729 turns).

Ablot the Grasshopper (Gnoll Warper)                Turns: 2729, Time: 00:02:48

Health: -9/43      AC:  8    Str: 12    XL:     5   Next: 55%
Magic:  12/12      EV: 14    Int: 13    God:
Gold:   81         SH:  0    Dex: 17    Spells: 12/14 levels left

rFire   . . .      SeeInvis .   u - +2 hand axe (venom)
rCold   . . .      Faith    .   (no shield)
rNeg    . . .      Spirit   .   b - +0 leather armour
rPois   .          Reflect  .   (no helmet)
rElec   .          Harm     .   i - +0 cloak
rCorr   .          Rampage  .   (no gloves)
Will    .....                   (no boots)
Stlth   ++........              (no amulet)
HPRegen 0.14/turn               h - +4 ring of protection
MPRegen 0.13/turn               k - +6 ring of dexterity

@: no status effects
A: fangs 1, strong nose, distributed training
a: no special abilities


You were on level 3 of the Dungeon.
You visited 1 branch of the dungeon, and saw 3 of its levels.

You collected 81 gold pieces.

Inventory:

Hand Weapons
 a - a +0 spear
 u - a +2 hand axe of venom (weapon)
Missiles
 d - 5 boomerangs of dispersal
 e - 86 stones
 l - 4 atropa-tipped darts (quivered)
 s - 18 sling bullets
 v - 21 bolts
Armour
 b - a +0 leather armour (worn)
 i - a +0 cloak (worn)
Jewellery
 h - a +4 ring of protection (left hand)
 k - a +6 ring of dexterity (right hand)
 q - an amulet of faith
Scrolls
 c - a scroll of blinking
 f - a scroll of enchant weapon {unknown}
 n - a scroll of teleportation {unknown}
 p - a scroll of fear {unknown}
 r - a scroll of immolation {unknown}
 t - a scroll of amnesia {unknown}
Potions
 g - a potion of curing {unknown}
 j - a potion of berserk rage {unknown}
 m - 2 potions of ambrosia {unknown}
 o - a potion of magic {unknown}


   Skills:
 + Level 4.8 Fighting
 + Level 1.5 Short Blades
 + Level 1.5 Long Blades
 + Level 1.5 Axes
 + Level 1.5 Maces & Flails
 + Level 4.8 Polearms
 + Level 1.5 Staves
 + Level 1.5 Slings
 + Level 1.5 Bows
 + Level 1.5 Crossbows
 + Level 3.0 Throwing
 + Level 3.0 Armour
 + Level 4.8 Dodging
 + Level 1.5 Stealth
 + Level 1.5 Shields
 + Level 1.5 Unarmed Combat
 + Level 5.2 Spellcasting
 + Level 1.2 Conjurations
 + Level 1.2 Hexes
 + Level 1.2 Summonings
 + Level 1.2 Necromancy
 + Level 5.5 Translocations
 + Level 1.2 Transmutations
 + Level 1.2 Fire Magic
 + Level 1.2 Ice Magic
 + Level 1.2 Air Magic
 + Level 1.2 Earth Magic
 + Level 1.2 Poison Magic
 + Level 1.7 Invocations
 + Level 1.5 Evocations


You had 12 spell levels left.
You knew the following spells:

 Your Spells              Type           Power      Damage    Failure   Level
a - Blink                 Tloc           34%        N/A       3%          2

Your spell library contained the following spells:

 Spells                   Type           Power      Damage    Failure   Level
 Gell's Gravitas          Tloc           17%        N/A       7%          3
 Lesser Beckoning         Tloc           17%        N/A       7%          3
 Teleport Other           Tloc           17%        N/A       7%          3
 Shock                    Conj/Air       24%        1d4       14%         1
 Swiftness                Air            6%         N/A       38%         3
 Manifold Assault         Tloc           17%        N/A       54%         5
 Airstrike                Air            3%         N/A       80%         4


Dungeon Overview and Level Annotations

Branches:
Dungeon (3/15)

Altars:


Innate Abilities, Weirdness & Mutations

You have very sharp teeth.
Your uncanny sense of smell can sniff out nearby items.
Your experience applies equally to all skills.


Message History

v - 21 bolts You open the door.
There is an open door here.
You pick up a book of Air and begin reading...
You add the spells Shock, Swiftness and Airstrike to your library.
Okay, then.
Found a leather armour.
l - 3 atropa-tipped darts (gained 1)
l - 4 atropa-tipped darts (gained 1)
e - 86 stones (gained 16)
Found a stone staircase leading down.
Found a robe.
An ogre is nearby!
Your +2 hand axe of venom begins to drip with poison!
u - a +2 hand axe of venom (weapon)
The ogre shouts!
The ogre misses you.
You hit the ogre.
The ogre is lightly wounded.
The ogre hits you with a +0 giant club!
You barely miss the ogre.
The ogre is lightly wounded.
You hit the ogre.
The ogre is poisoned.
The ogre is lightly wounded.
The ogre hits you with a +0 giant club!
You hit the ogre.
The ogre looks even sicker.
You bite the ogre, but do no damage.
The ogre is heavily wounded.
The ogre barely misses you.
You completely miss the ogre. You bite the ogre.
The ogre is heavily wounded.
The ogre closely misses you.
You slash the ogre! You bite the ogre, but do no damage.
The ogre is severely wounded.
The ogre hits you with a +0 giant club!
You barely miss the ogre.
The ogre is severely wounded.
The ogre hits you with a +0 giant club!!
Ouch! That really hurt!
You die...

...............#
...............#########
........................
...............#........
....[....#.### #........
########.#.#####........
#................
##...####O.......
###...#...@.......
#...>.#.##........
#.#...............
#.#.#.#.#.......##
#.#.#.....#.###.#
..#.#...[.#.# #.# ∆
#.#.###...#.# #.# ###..
.^..#.# #.# #####.#.#.#
#.#


You could see an ogre (very poisoned).

Vanquished Creatures
  An ice beast (D:3)
  A centaur skeleton (D:2)
  An adder (D:2)
  A worm (D:2)
  A dart slug (D:3)
  5 orcs (D:3)
  5 ball pythons
  5 endoplasms
  2 goblins (D:2)
  5 hobgoblins
  2 jackals (D:1)
  3 kobolds
  A quokka (D:1)
  A bat (D:1)
  A frilled lizard (D:2)
  2 rats (D:1)
37 creatures vanquished.

Notes
Turn   | Place    | Note
-------+----------+-------------------------------------------
     0 | D:1      | Ablot the Gnoll Warper began the quest for the Orb.
     0 | D:1      | Reached XP level 1. HP: 20/20 MP: 6/6
   466 | D:1      | Reached XP level 2. HP: 26/26 MP: 7/7
   469 | D:1      | Learned a level 2 spell: Blink
  1178 | D:2      | Reached XP level 3. HP: 27/31 MP: 9/9
  1298 | D:2      | Reached skill level 1 in Short Blades
  1298 | D:2      | Reached skill level 1 in Long Blades
  1298 | D:2      | Reached skill level 1 in Axes
  1298 | D:2      | Reached skill level 1 in Maces & Flails
  1298 | D:2      | Reached skill level 1 in Staves
  1298 | D:2      | Reached skill level 1 in Slings
  1298 | D:2      | Reached skill level 1 in Bows
  1298 | D:2      | Reached skill level 1 in Crossbows
  1298 | D:2      | Reached skill level 1 in Stealth
  1298 | D:2      | Reached skill level 1 in Shields
  1298 | D:2      | Reached skill level 1 in Unarmed Combat
  1298 | D:2      | Reached skill level 5 in Spellcasting
  1298 | D:2      | Reached skill level 1 in Invocations
  1298 | D:2      | Reached skill level 1 in Evocations
  1351 | D:2      | Reached XP level 4. HP: 38/38 MP: 11/11
  1758 | D:3      | Found a faded altar of an unknown god.
  1811 | D:3      | Noticed an ogre
  2127 | D:3      | Noticed an ice beast
  2157 | D:3      | Killed an ice beast
  2158 | D:3      | Reached skill level 1 in Conjurations
  2158 | D:3      | Reached skill level 1 in Hexes
  2158 | D:3      | Reached skill level 1 in Summonings
  2158 | D:3      | Reached skill level 1 in Necromancy
  2158 | D:3      | Reached skill level 1 in Transmutations
  2158 | D:3      | Reached skill level 1 in Fire Magic
  2158 | D:3      | Reached skill level 1 in Ice Magic
  2158 | D:3      | Reached skill level 1 in Air Magic
  2158 | D:3      | Reached skill level 1 in Earth Magic
  2158 | D:3      | Reached skill level 1 in Poison Magic
  2158 | D:3      | Reached XP level 5. HP: 9/43 MP: 12/12
  2729 | D:3      | Mangled by an ogre

Illustrated notes

Levels and vault maps discovered:
D:1:      psy_arrival_terrarium, layout_loops_ring
D:2:      layout_rooms
D:3:      layout_basic, shapermc_ecumenical_altar_starsandcircs,
          uniq_crazy_yiuf_cottage

Skill      XL: |  1  2  3  4 |
---------------+-------------+-----
Short Blades   | 1 |  1.5
Long Blades    | 1 |  1.5
Axes           | 1 |  1.5
Maces & Flails | 1 |  1.5
Staves         | 1 |  1.5
Slings         | 1 |  1.5
Bows           | 1 |  1.5
Crossbows      | 1 |  1.5
Stealth        | 1 |  1.5
Shields        | 1 |  1.5
Unarmed Combat | 1 |  1.5
Spellcasting   | 5 |  5.2
Invocations    | 1 |  1.7
Evocations     | 1 |  1.5
Throwing       | 3 |  3.0
Armour         | 3 |  3.0
Conjurations   | 1 |  1.2
Hexes          | 1 |  1.2
Summonings     | 1 |  1.2
Necromancy     | 1 |  1.2
Transmutations | 1 |  1.2
Fire Magic     | 1 |  1.2
Ice Magic      | 1 |  1.2
Air Magic      | 1 |  1.2
Earth Magic    | 1 |  1.2
Poison Magic   | 1 |  1.2
Fighting       | |  4.8
Polearms       | |  4.8
Dodging        | |  4.8
Translocations | |  5.5

Action                   |  1- 3 |  4- 6 || total
-------------------------+-------+-------++-------
Melee: Spear             |   108 |   117 ||   225
       Bite              |    11 |    21 ||    32
       Punch             |     1 |     2 ||     3
       Hand axe          |       |     7 ||     7
Throw: Dart              |       |     3 ||     3
 Stab: Invisible         |       |     1 ||     1
Armor: Leather armour    |    27 |    31 ||    58
Dodge: Dodged            |    63 |    65 ||   128
